 Dungeon Crawl Stone Soup version 0.26.1-2-gb8aa6d0 (webtiles) character file.

Game seed: 11802700724617424982

392 Geeful the Covert (level 6, -1/44 HPs)
             Began as an Octopode Delver on Mar 21, 2021.
             Slain by a killer bee (4 damage)
             ... on level 2 of the Dungeon.
             The game lasted 00:09:37 (3137 turns).

Geeful the Covert (Octopode Delver)                 Turns: 3137, Time: 00:09:38

Health: -1/44      AC:  1    Str: 11    XL:     6   Next: 81%
Magic:  10/10      EV: 15    Int: 15    God:
Gold:   82         SH:  0    Dex: 13    Spells: 10/10 levels left

rFire    . . .     SeeInvis .   n - +2 dagger (elec)
rCold    . . .     Faith    .   (no shield)
rNeg     . . .     Spirit   .   (helmet restricted)
rPois    .         Reflect  .   (no amulet)
rElec    +         Harm     .   (no ring)
rCorr    .         Rampage  .   (no ring)
Will     +....                  (no ring)
Stlth    +++++.....             (no ring)
HPRegen  0.14/turn              (no ring)
MPRegen  0.12/turn              (no ring)
                                (no ring)
                                (no ring)

@: lethally poisoned (-1 -> -3)
A: almost no armour, stealthy swim, amphibious, 8 rings, constrict 8, camouflage
1, strong-willed 1, electricity resistance, gelatinous body 1
a: no special abilities


You were on level 2 of the Dungeon.
You visited 1 branch of the dungeon, and saw 6 of its levels.

You collected 82 gold pieces.

Inventory:

Hand Weapons
 a - a +0 short sword
 n - a +2 dagger of electrocution (weapon)
Missiles
 o - a poisoned dart (quivered)
Jewellery
 j - an uncursed ring of ice
Wands
 f - a wand of digging (3)
 i - a wand of flame (13)
 l - a wand of enslavement (4)
Scrolls
 b - a scroll of fog
 c - 2 scrolls of magic mapping
 d - a scroll of fear
 e - a scroll of amnesia {unknown}


   Skills:
 + Level 4.5 Fighting
 - Level 2.0 Short Blades
 + Level 3.8 Dodging
 + Level 8.2 Stealth
 + Level 2.8 Spellcasting


You had 10 spell levels left.
You didn't know any spells.
Your spell library was empty.

Dungeon Overview and Level Annotations

Branches:
Dungeon (6/15)
 Temple: D:4-7

Altars:
Dithmenos
Elyvilon


Innate Abilities, Weirdness & Mutations

You cannot wear most types of armour.
You are very stealthy in the water. (Stealth+)
You are amphibious.
You can wear up to eight rings at the same time.
You can use your tentacles to constrict eight enemies at once.
Your skin changes colour to match your surroundings (Stealth+).
Your rubbery body absorbs attacks. (AC +1, EV +1)
You are strong-willed. (Will+)
You are resistant to electric shocks. (rElec)


Message History

The killer bee is poisoned.
The killer bee is heavily wounded.
The killer bee stings you. The killer bee closely misses you.
You feel sick. The killer bee stings you. The killer bee stings you!
* * * LOW HITPOINT WARNING * * *
The killer bee stings you!
* * * LOW HITPOINT WARNING * * *
Throw: 2 darts (poison)
Press: ? - help, Q - select action, (/) - cycle Shift-Dir - straight line, f/p - killer bee
Aim: a killer bee (almost dead, poisoned, 29% to hit)
You throw a poisoned dart.
The poisoned dart closely misses the killer bee.
* * * LOW HITPOINT WARNING * * *
You feel sick.
The killer bee looks more healthy.
The killer bee completely misses you. The killer bee closely misses you.
You closely miss the killer bee. Your grab misses the killer bee.
The killer bee is almost dead.
The killer bee barely misses you. The killer bee stings you.
You die...

......)............#....#.#.#.#..
##.....#####.#+#####....#†#.#....
#......#...#.# #....#.#.#.#..
#......#.#.#.# #....#.#......
#......#.#.#.# ####.#[..)....
#......#.#.#.# #.#..(.....
#......#.#.#.#+########.#........
####'#...#.#..........#.#(..[..#.
.# #.#......<...@y..(..(.........
.# #.#.######.........#.##...#.##
.# #.#................#........#
.###+########.........#..#...###
.......# #.........#..#.###
.......# #....(÷...#..#..
.......######.........#..########
(..)<.................#..........
#.....................#.#########


You could see a killer bee.

Vanquished Creatures
  Sigmund (D:3)
  A centaur skeleton (D:5)
  Jessica (D:3)
  Ijyb (D:3)
  3 adders
  A white imp (D:5)
  An ooze (D:3)
  A worm (D:2)
  A dart slug (D:1)
  2 leopard geckos
  2 orcs (D:3)
  A giant cockroach (D:1)
  5 goblins
  9 hobgoblins
  2 quokkas
  4 bats
  6 frilled lizards
  4 kobolds
  7 rats
53 creatures vanquished.

Vanquished Creatures (collateral kills)
  2 killer bees (D:2)
  A giant cockroach (D:2)
  A hobgoblin (D:2)
4 creatures vanquished.

Grand Total: 57 creatures vanquished

Notes
Turn   | Place    | Note
-------+----------+-------------------------------------------
     0 | D:5      | Geeful the Octopode Delver began the quest for the Orb.
     0 | D:5      | Reached XP level 1. HP: 16/16 MP: 1/1
    33 | D:6      | Noticed an iguana
    86 | D:5      | Reached skill level 1 in Spellcasting
    86 | D:5      | Reached XP level 2. HP: 9/21 MP: 1/3
    86 | D:5      | Reached XP level 3. HP: 11/26 MP: 1/4
   315 | D:2      | Reached skill level 7 in Stealth
   553 | D:2      | Noticed a killer bee
   553 | D:2      | Noticed a killer bee
   587 | D:2      | Found a white marble altar of Elyvilon.
  1034 | D:1      | Reached XP level 4. HP: 31/31 MP: 6/6
  1774 | D:3      | Noticed Ijyb
  1789 | D:3      | Killed Ijyb
  1954 | D:3      | Noticed Jessica
  1959 | D:3      | Killed Jessica
  1960 | D:3      | Reached XP level 5. HP: 37/37 MP: 7/7
  1975 | D:3      | You fall into a shaft and drop 3 floors!
  2187 | D:3      | Noticed Sigmund
  2208 | D:3      | Gained mutation: You are strong-willed. (Will+) [potion of
                  | mutation]
  2208 | D:3      | Gained mutation: You are resistant to electric shocks.
                  | (rElec) [potion of mutation]
  2222 | D:3      | Killed Sigmund
  2223 | D:3      | Reached skill level 8 in Stealth
  2223 | D:3      | Reached XP level 6. HP: 9/44 MP: 9/9
  2496 | D:3      | Found a shadowy altar of Dithmenos.
  3137 | D:2      | Slain by a killer bee

Illustrated notes

Levels and vault maps discovered:
D:1:      evilmike_arrival_plus, layout_loops_corners,
          chequers_serial_rivers_micro_b, minmay_octomino_e4
D:2:      layout_basic, old_standard_altar
D:3:      layout_rooms, general_overflow_altar, minmay_quantized, uniq_sigmund,
          uniq_ijyb, uniq_jessica
D:4:      layout_basic, kiku_gazebo_garden_becter, lemuel_doored_altar,
          enter_ossuary_1
D:5:      layout_cave_pods, serial_shops, shop, abandoned_shop
D:6:      layout_basic, yredelemnul_altar_generic, temple_fountains, uniq_pikel

Skill      XL: |  1  2  3  4  5 |
---------------+----------------+-----
Spellcasting   | 1 2 |  2.8
Stealth        | 7 8 |  8.2
Dodging        | 3 |  3.8
Fighting       | 4 |  4.5
Short Blades   | |  2.0

Action                   |  1- 3 |  4- 6 || total
-------------------------+-------+-------++-------
Melee: Short sword       |    37 |    46 ||    83
       Tentacles         |     3 |     8 ||    11
       Constrict         |     3 |     8 ||    11
       Dagger            |       |    13 ||    13
Throw: Dart              |       |    13 ||    13
Evoke: Wand              |       |     7 ||     7
  Use: Scroll            |       |     4 ||     4
       Potion            |       |     5 ||     5
 Stab: Sleeping          |    18 |     9 ||    27
Armor: Skin              |       |     8 ||     8
Dodge: Dodged            |     9 |    50 ||    59
